Map: Proxima Station LE

Players

Serral

  • Race: Zerg Zerg
  • Spawn Location: 1:00

Dark - Winner!

  • Race: Zerg Zerg
  • Spawn Location: 7:00

Event: IEM XI Katowice - World Championship 2017

VOD

Have the link to the VOD?

Description

Time

  • Played on: March 4, 2017, 1:40 p.m.
  • Length: 18:57

All games in this series

Show
View Real Time Build Order
Export as new Build Order

Serral Zerg 

Build Orders: Hatch First, Zergling Baneling 

Get SALT Encoding   

  12  0:00  Drone  
  13  0:12  Overlord  
  13  0:17  Drone  
  14  0:31  Drone x2  
  14  0:34  Drone  
  17  0:52  Hatchery  
  17  0:55  Drone  
  17  0:59  Drone  
  18  1:05  Extractor  
  17  1:13  Spawning Pool  
  17  1:17  Drone  
  17  1:20  Drone  
  18  1:28  Drone  
  19  1:38  Overlord  
  19  1:54  Drone  
  20  2:01  Queen  
  20  2:02  Zergling x2  
  20  2:04  Queen  
  20  2:05  Metabolic Boost  
  20  2:08  Drone  
  26  2:12  Drone  
  27  2:16  Drone  
  27  2:22  Drone  
  29  2:26  Baneling Nest  
  29  2:27  Drone  
  29  2:33  Zergling x2  
  30  2:37  Drone  
  31  2:45  Overlord  
  31  2:47  Drone  
  32  2:57  Hatchery  
  31  3:03  Zergling x4  
  33  3:10  Zergling x8  
  37  3:13  Zergling x2  
  38  3:21  Baneling x2  
  38  3:25  Overlord  
  38  3:26  Drone x2  
  40  3:28  Drone  
  40  3:29  Drone  
  40  3:32  Drone  
  43  3:38  Zergling x2  
  43  3:39  Overlord  
  44  3:44  Baneling x2  
  44  3:51  Drone  
  44  3:52  Drone  
  44  3:55  Zergling x2  
  44  3:56  Zergling x6  
  44  4:00  Drone  
  44  4:02  Drone  
  48  4:09  Drone  
  49  4:15  Zergling x6  
  49  4:16  Zergling x2  
  50  4:17  Drone  
  50  4:21  Queen  
  52  4:26  Baneling x2  
  52  4:28  Drone x3  
  52  4:29  Roach Warren  
  54  4:32  Drone  
  54  4:34  Baneling  
  54  4:35  Baneling  
  54  4:36  Drone x2  
  57  4:45  Drone x2  
  58  4:46  Lair  
  58  4:49  Evolution Chamber  
  58  4:51  Drone  
  58  4:52  Drone x2  
  58  4:57  Drone x2  
  58  4:58  Drone  
  61  5:02  Overlord, Drone  
  61  5:03  Drone x2  
  61  5:06  Extractor  
  61  5:07  Extractor  
  62  5:08  Overlord  
  62  5:15  Roach x2  
  62  5:21  Overlord x2  
  65  5:29  Drone x4  
  65  5:32  Zerg Missile Weapons Level 1  
  65  5:34  Drone x3  
  72  5:35  Drone x2  
  72  5:37  Extractor  
  72  5:38  Overlord  
  72  5:39  Drone  
  72  5:40  Drone  
  72  5:41  Roach  
  76  5:48  Roach  
  76  5:51  Drone  
  76  5:52  Extractor  
  76  5:53  Roach  
  77  5:57  Extractor  
  77  6:00  Roach  
  77  6:02  Glial Reconstitution  
  77  6:03  Drone  
  77  6:04  Drone x4  
  81  6:06  Drone x3  
  81  6:10  Roach  
  87  6:15  Overseer  
  87  6:21  Infestation Pit  
  87  6:23  Roach x2  
  87  6:24  Overlord  
  87  6:25  Overlord x2  
  90  6:32  Overlord  
  90  6:33  Overseer  
  90  6:34  Overlord  
  90  6:36  Unknown, Roach  
  90  6:37  Roach x2  
  96  6:42  Hatchery  
  96  6:45  Overlord  
  95  6:56  Overlord x3  
  95  6:58  Roach x2  
  95  6:59  Roach x5  
  109  7:02  Infestor x2  
  113  7:09  Overlord  
  113  7:12  Roach x4  
  113  7:15  Overlord  
  121  7:18  Unknown  
  121  7:19  Roach  
  121  7:20  Roach x2  
  127  7:24  Overlord  
  127  7:25  Roach x2  
  127  7:29  Ravager x2  
  133  7:36  Zerg Missile Weapons Level 2  
  133  7:40  Overlord  
  133  7:41  Overlord  
  135  7:44  Roach x4  
  135  7:45  Roach x2  
  135  7:50  Drone x3  
  135  7:51  Drone  
  149  7:55  Ravager x2  
  149  7:56  Roach  
  153  7:59  Queen  
  153  8:00  Roach x2  
  153  8:01  Roach  
  161  8:09  Overlord  
  161  8:14  Roach x3  
  161  8:15  Roach x2  
  171  8:22  Ravager x2  
  171  8:24  Roach x4  
  181  8:27  Ravager  
  181  8:33  Overlord  
  182  8:35  Roach x4  
  182  8:36  Roach  
  182  8:40  Extractor  
  182  8:41  Roach x4  
  199  8:44  Overseer  
  199  8:49  Unknown  
  198  9:07  Roach  
  194  9:10  Infestor x2  
  196  9:21  Roach x3  
  188  9:27  Queen  
  188  9:29  Roach  
  188  9:30  Roach x6  
  186  9:39  Roach x2, Ravager  
  186  9:40  Roach  
  186  9:44  Burrow  
  187  9:50  Roach x5  
  187  9:52  Overseer  
  197  9:54  Ravager  
  197  9:57  Extractor, Drone  
  197  9:58  Drone  
  197  9:59  Pneumatized Carapace  
  195  10:00  Drone x3  
  195  10:03  Drone  
  188  10:09  Roach x3  
  188  10:10  Hatchery  
  191  10:15  Overseer  
  191  10:18  Drone x3  
  192  10:22  Drone x2  
  192  10:26  Drone  
  195  10:29  Drone  
  196  10:39  Infestor  
  196  10:41  Roach x40  
  196  10:42  Roach x6  
  198  10:46  Ravager  
  198  10:48  Zerg Ground Armor Level 1  
  199  10:53  Infestor x2  
  192  11:18  Drone x2  
  192  11:25  Overseer, Drone x3  
  197  11:28  Drone x2  
  191  11:55  Drone x2  
  191  11:57  Roach x3  
  195  12:02  Ravager  
  195  12:03  Ravager  
  195  12:06  Roach  
  195  12:07  Roach x2  
  199  12:13  Hydralisk Den  
  196  12:17  Drone x3  
  199  12:27  Roach  
  199  12:28  Roach x2  
  196  12:37  Hive  
  196  12:44  Infestor  
  198  12:55  Roach x47  
  196  12:59  Overseer  
  196  13:00  Overseer  
  196  13:02  Roach  
  196  13:05  Drone  
  199  13:15  Drone  
  200  13:21  Zerg Ground Armor Level 2  
  200  13:59  Unknown  
  200  14:23  Roach  
  200  14:24  Roach  
  200  14:33  Unknown x4  
  200  14:34  Unknown x2  
  196  14:39  Queen x2, Roach x20  
  200  14:51  Overseer, Roach x26  
  198  15:22  Infestor  
  182  15:38  Overseer  
  154  15:47  Roach  
  154  15:48  Roach x11  
  169  15:51  Hydralisk Den  
  169  15:52  Roach x7  
  169  15:53  Roach x7  
  189  16:04  Drone x4  
  189  16:10  Drone  
  191  16:12  Zerg Missile Weapons Level 3  
  191  16:14  Unknown  
  191  16:15  Unknown x2  
  191  16:23  Drone x2  
  191  16:24  Muscular Augments  
  191  16:25  Spore Crawler, Hydralisk x4  
  199  16:33  Tunneling Claws  
  191  16:46  Hydralisk x2, Overlord  
  191  16:47  Hydralisk x2  
  191  16:57  Infestor  
  191  17:00  Infestor  
  189  17:10  Roach x3  
  189  17:12  Overlord x2  
  191  17:23  Hatchery  
  191  17:25  Unknown x3  
  182  17:42  Roach x2  
  182  17:43  Roach x5  
  125  17:46  Roach x7  
  125  17:47  Overseer, Roach x3  
  136  18:02  Unknown x5  
  136  18:04  Infestor x5  
  136  18:05  Roach x4  
  146  18:08  Roach  
  146  18:11  Roach x4  
  148  18:16  Roach x3  
  148  18:19  Roach x2  
  154  18:20  Overseer, Roach x2  
  154  18:21  Roach x3  
  154  18:22  Hatchery  
  153  18:32  Roach x4  
Show
View Real Time Build Order
Export as new Build Order

Dark Zerg - Winner!

Build Orders: Hatch First, Lurkers, Zergling Baneling 

Get SALT Encoding   

  12  0:00  Drone  
  13  0:12  Overlord  
  13  0:18  Drone  
  14  0:31  Drone x2  
  14  0:35  Drone  
  17  0:53  Hatchery  
  17  0:55  Drone  
  17  0:59  Drone  
  17  1:02  Extractor  
  17  1:14  Spawning Pool  
  17  1:16  Drone  
  17  1:20  Drone  
  18  1:28  Drone  
  19  1:39  Overlord  
  19  1:52  Drone  
  20  2:02  Queen  
  20  2:03  Metabolic Boost, Zergling x2  
  20  2:06  Queen  
  25  2:10  Drone  
  25  2:13  Drone  
  27  2:20  Drone  
  28  2:25  Drone  
  28  2:29  Drone  
  30  2:32  Baneling Nest  
  30  2:34  Drone  
  30  2:41  Zergling x2  
  32  2:44  Drone  
  32  2:53  Hatchery  
  31  2:58  Overlord  
  31  3:01  Drone  
  32  3:19  Zergling x16  
  40  3:23  Baneling  
  40  3:24  Baneling  
  40  3:30  Queen  
  40  3:32  Overlord  
  42  3:39  Baneling x2  
  42  3:40  Drone  
  42  3:41  Drone  
  43  3:55  Drone x2  
  42  4:03  Drone  
  42  4:05  Baneling x2  
  42  4:13  Zergling x4  
  42  4:15  Zergling x4  
  42  4:16  Zergling x2, Drone x3  
  47  4:23  Zergling x2, Roach Warren  
  47  4:24  Evolution Chamber  
  47  4:25  Drone  
  47  4:30  Zergling x2  
  47  4:33  Baneling  
  47  4:34  Baneling  
  47  4:35  Drone x2  
  47  4:38  Lair  
  49  4:40  Extractor, Drone x2  
  49  4:41  Extractor  
  49  4:43  Drone  
  49  4:56  Baneling x2  
  49  4:59  Zergling x4, Drone x3  
  54  5:00  Drone x3  
  54  5:06  Drone  
  57  5:11  Zerg Missile Weapons Level 1  
  57  5:12  Drone  
  57  5:13  Overlord x2  
  57  5:21  Overlord  
  56  5:33  Drone  
  56  5:34  Drone x4  
  61  5:38  Overlord  
  61  5:40  Drone x4  
  61  5:41  Drone x3  
  68  5:48  Baneling x2  
  68  5:49  Drone x3  
  70  5:52  Glial Reconstitution  
  70  5:56  Overlord  
  70  5:57  Extractor, Drone x4  
  69  5:58  Extractor  
  69  6:03  Extractor  
  71  6:06  Overlord, Drone x2  
  73  6:11  Drone x2  
  73  6:17  Drone x2  
  73  6:18  Overseer  
  77  6:27  Roach x5  
  77  6:28  Roach x3  
  77  6:30  Unknown  
  93  6:33  Roach x2  
  93  6:38  Overlord  
  93  6:39  Roach x3  
  103  6:40  Overseer  
  103  6:44  Overlord, Roach  
  103  6:45  Overlord x2  
  105  6:58  Roach x4  
  113  7:02  Hatchery  
  113  7:04  Overlord x2  
  113  7:08  Roach x2  
  116  7:09  Roach  
  116  7:12  Zerg Missile Weapons Level 2  
  118  7:16  Burrow  
  118  7:21  Tunneling Claws  
  118  7:22  Roach x2  
  122  7:23  Roach  
  122  7:26  Roach  
  122  7:27  Ravager x3  
  122  7:28  Ravager  
  130  7:33  Roach x3  
  130  7:35  Overlord  
  130  7:36  Roach  
  138  7:38  Roach  
  138  7:42  Roach x2  
  144  7:46  Roach x2  
  144  7:47  Roach  
  144  7:49  Roach  
  152  7:57  Roach x3  
  158  8:00  Roach x2  
  158  8:02  Overlord  
  158  8:03  Overlord  
  158  8:04  Overlord  
  162  8:12  Unknown x2  
  162  8:13  Roach  
  162  8:14  Roach x2  
  162  8:16  Overlord  
  168  8:21  Roach x3  
  168  8:22  Roach x3  
  168  8:23  Overlord  
  168  8:25  Roach  
  168  8:26  Roach  
  184  8:29  Unknown  
  184  8:35  Roach x3  
  184  8:40  Roach  
  192  8:47  Roach x5  
  192  8:48  Roach x2  
  194  8:51  Roach x2  
  194  8:52  Roach x4  
  194  8:53  Roach  
  194  8:55  Roach x2  
  199  8:59  Roach x6  
  199  9:01  Roach  
  199  9:08  Roach x2  
  199  9:21  Roach x2  
  193  9:24  Roach x2  
  193  9:25  Roach  
  193  9:28  Zerg Ground Armor Level 1  
  193  9:30  Queen  
  199  9:31  Roach x2  
  199  9:34  Roach  
  199  9:35  Roach x2  
  199  9:38  Roach  
  199  9:42  Roach x4  
  199  9:45  Roach  
  200  9:46  Roach x4  
  200  9:48  Roach  
  200  9:49  Roach x2  
  200  9:51  Roach  
  200  9:52  Roach x2  
  200  10:01  Hydralisk Den  
  200  10:04  Roach x6  
  199  10:10  Roach  
  197  10:15  Roach x2  
  197  10:16  Spine Crawler  
  197  10:17  Spine Crawler  
  197  10:18  Spine Crawler  
  197  10:19  Roach  
  197  10:20  Roach x4  
  198  10:30  Pneumatized Carapace  
  198  10:33  Lurker Den  
  198  10:35  Ravager x2  
  198  10:46  Unknown x2  
  198  10:51  Roach x5  
  197  11:06  Hydralisk  
  199  11:15  Hydralisk x2  
  198  11:21  Infestation Pit  
  198  11:23  Zerg Ground Armor Level 2  
  195  11:30  Roach x3  
  195  11:31  Roach  
  195  11:33  Hydralisk x2  
  181  12:01  Lurker x3  
  181  12:02  Roach  
  181  12:04  Roach x8  
  181  12:06  Roach x3  
  181  12:07  Roach x3  
  181  12:08  Roach x3  
  198  12:16  Lurker  
  198  12:18  Unknown  
  198  12:19  Unknown  
  199  12:26  Roach  
  199  12:27  Roach x9  
  200  12:42  Hive  
  198  12:45  Hatchery  
  195  12:56  Muscular Augments  
  195  12:58  Roach x13  
  198  13:01  Spire, Extractor  
  198  13:02  Extractor  
  198  13:03  Drone x3  
  200  13:14  Overseer  
  200  13:17  Unknown x2  
  200  13:20  Hatchery  
  199  13:53  Evolution Chamber  
  198  13:56  Zerg Missile Weapons Level 3  
  198  14:20  Hydralisk x2  
  198  14:21  Hydralisk x4  
  198  14:22  Hydralisk x3  
  198  14:23  Hydralisk x2  
  196  14:25  Roach x12  
  196  14:26  Zerg Ground Armor Level 3  
  196  14:28  Hydralisk x3  
  198  14:37  Roach x23  
  198  14:38  Hydralisk x4  
  188  14:46  Roach x7  
  188  14:51  Greater Spire  
  200  15:00  Unknown x4  
  197  15:32  Viper x2  
  197  15:35  Viper  
  189  15:36  Hydralisk x5  
  189  15:38  Lurker x3  
  197  15:49  Hydralisk  
  199  15:54  Hydralisk x2  
  199  15:56  Roach x4  
  187  16:00  Spore Crawler, Spine Crawler x2, Queen, Drone x3  
  187  16:01  Extractor x2, Drone x2  
  187  16:02  Roach x2  
  187  16:03  Roach x3  
  191  16:04  Roach x2  
  191  16:05  Roach x4  
  191  16:06  Roach  
  191  16:07  Roach  
  200  16:13  Hydralisk x2  
  200  16:16  Hydralisk x3  
  197  16:21  Hydralisk x2  
  197  16:24  Drone  
  190  16:42  Lurker x6  
  192  17:03  Roach x4  
  194  17:16  Hydralisk x3  
  194  17:17  Hatchery  
  197  17:23  Roach  
  178  17:40  Hydralisk, Roach x19  
  178  17:41  Hydralisk x9  
  175  17:44  Roach x2  
  175  17:45  Roach  
  175  17:46  Roach  
  175  17:47  Roach  
  175  17:49  Roach  
  177  17:51  Roach  
  177  17:53  Roach x2  
  177  17:56  Roach  
  177  17:57  Roach x2  
  189  18:04  Roach x3  
  199  18:05  Roach x2  
  199  18:17  Roach  
  199  18:19  Roach x2  
  199  18:25  Roach x2  

Tags
 
Add a new tag
Caveats
  • Supply blocks, unpowered buildings, or Contaminate may cause inaccurate times.
  • Supply counts are checked every 10 seconds.